Map: Zen LE

Players

DRG

  • Race: Zerg Zerg
  • Spawn Location: 7:00

LiquidClem (Clem) - Winner!

  • Race: Terran Terran
  • Spawn Location: 1:00

Event: Shopify TSL 5

VOD

Have the link to the VOD?

Description

Time

  • Played on: May 17, 2020, 8:38 a.m.
  • Length: 28:09

All games in this series

Show
View Real Time Build Order
Export as new Build Order

DRG Zerg 

Build Orders: Hatch First, Muta Ling Bane 

Get SALT Encoding   

  12  0:00  Drone  
  13  0:12  Overlord  
  13  0:17  Drone  
  14  0:31  Drone x2  
  16  0:48  Hatchery  
  15  0:51  Drone  
  15  0:55  Drone  
  17  0:58  Drone  
  18  1:09  Extractor  
  17  1:13  Spawning Pool  
  17  1:16  Drone  
  17  1:20  Drone  
  18  1:28  Drone  
  19  1:38  Drone  
  20  1:49  Drone  
  21  2:00  Queen x2  
  21  2:01  Zergling x4  
  27  2:11  Overlord  
  27  2:12  Zergling x2  
  28  2:30  Drone x2  
  28  2:36  Queen, Drone x2  
  34  2:42  Overlord  
  34  2:43  Drone  
  35  2:45  Metabolic Boost  
  35  2:55  Drone  
  35  2:57  Hatchery  
  35  2:59  Drone  
  35  3:05  Drone x2  
  38  3:08  Drone x3  
  41  3:13  Drone  
  41  3:14  Drone  
  41  3:16  Drone  
  44  3:24  Overlord  
  44  3:29  Queen, Extractor x2  
  44  3:31  Overlord  
  46  3:43  Drone x2  
  48  3:48  Drone x3  
  48  3:49  Drone  
  48  3:52  Zergling x2  
  48  3:55  Drone  
  54  3:58  Queen  
  54  3:59  Drone  
  54  4:01  Evolution Chamber  
  54  4:02  Drone  
  57  4:10  Queen  
  57  4:11  Drone x3  
  62  4:20  Overlord  
  62  4:22  Overlord  
  62  4:25  Spore Crawler  
  62  4:26  Spore Crawler  
  62  4:27  Spore Crawler, Zerg Ground Armor Level 1  
  62  4:30  Overlord  
  59  4:32  Overlord  
  59  4:34  Overlord  
  59  4:39  Zergling x8  
  59  4:40  Drone x2  
  59  4:44  Drone x2  
  67  4:46  Drone  
  67  4:51  Lair  
  68  4:54  Drone  
  68  4:58  Drone x2  
  68  4:59  Spore Crawler  
  69  5:01  Extractor x2  
  69  5:03  Drone x3  
  70  5:07  Drone x4  
  70  5:08  Baneling Nest  
  70  5:10  Drone  
  70  5:12  Drone  
  75  5:14  Drone x3  
  75  5:18  Drone  
  75  5:20  Drone x2  
  81  5:32  Zergling x12  
  83  5:37  Queen  
  83  5:41  Zergling x8  
  80  5:43  Drone  
  80  5:46  Drone  
  80  5:49  Extractor  
  78  5:50  Drone x2, Extractor  
  78  5:51  Centrifical Hooks  
  78  5:52  Extractor  
  78  5:53  Drone  
  78  5:54  Drone  
  80  5:59  Drone x2  
  79  6:05  Drone  
  79  6:07  Spire  
  79  6:09  Overseer  
  79  6:10  Drone x2  
  81  6:16  Drone  
  81  6:17  Hatchery  
  82  6:18  Zergling x10  
  82  6:22  Zergling x6  
  82  6:24  Zerg Melee Weapons Level 1  
  82  6:25  Zergling x6  
  92  6:29  Drone  
  92  6:31  Baneling x6  
  92  6:32  Zergling x4  
  95  6:39  Overlord  
  95  6:43  Overlord x2  
  94  6:50  Zergling x6  
  89  7:02  Drone x4  
  89  7:03  Drone x4  
  89  7:07  Hatchery  
  96  7:09  Drone x2  
  96  7:10  Baneling x2  
  96  7:11  Baneling  
  98  7:21  Mutalisk x6  
  109  7:25  Zerg Flyer Weapons Level 1  
  109  7:26  Mutalisk  
  109  7:28  Zergling x6  
  114  7:31  Queen  
  114  7:35  Zergling x12  
  122  7:39  Baneling x7  
  122  7:42  Zergling x6  
  125  7:48  Zergling x2  
  125  7:52  Mutalisk  
  125  7:54  Overlord x3  
  126  8:01  Overlord x2  
  123  8:06  Drone x4  
  123  8:09  Overlord x2  
  123  8:11  Extractor  
  126  8:15  Mutalisk x5  
  126  8:17  Pneumatized Carapace  
  126  8:18  Evolution Chamber  
  135  8:21  Hatchery  
  135  8:24  Drone x2  
  135  8:25  Drone x5  
  141  8:27  Zergling x2, Extractor  
  141  8:28  Zergling x2  
  141  8:29  Zerg Melee Weapons Level 2  
  142  8:34  Zergling x6  
  142  8:35  Zergling x8  
  149  8:43  Zergling x2  
  149  8:44  Zergling x16  
  158  8:48  Zerg Ground Armor Level 2  
  158  8:51  Drone x3  
  158  8:52  Drone x2  
  158  8:54  Baneling x3  
  158  8:55  Drone  
  162  8:58  Baneling x5  
  162  9:02  Infestation Pit  
  161  9:03  Overseer  
  161  9:07  Zergling x12  
  167  9:17  Mutalisk x3  
  167  9:20  Zergling x14  
  180  9:27  Zerg Flyer Weapons Level 2  
  180  9:30  Zergling x14  
  187  9:32  Baneling x5  
  187  9:39  Zergling x16  
  186  9:51  Mutalisk x4  
  177  9:55  Drone x4  
  177  9:56  Drone x3  
  183  10:00  Drone x3  
  183  10:01  Hive  
  184  10:07  Baneling x10  
  184  10:09  Zergling x2  
  184  10:10  Zergling x10  
  190  10:19  Mutalisk x2  
  190  10:20  Zergling x10  
  195  10:23  Overlord  
  195  10:24  Overlord  
  195  10:28  Baneling x7  
  195  10:29  Overlord  
  191  10:46  Zergling x28  
  191  10:47  Zergling x2  
  191  10:48  Baneling x12  
  196  10:52  Zergling x10  
  196  10:56  Zergling x12  
  200  11:09  Baneling x11  
  200  11:16  Spore Crawler  
  199  11:19  Baneling x6  
  199  11:21  Hatchery  
  183  11:29  Zergling x18  
  183  11:30  Zergling x14  
  194  11:36  Zergling x24  
  189  11:46  Zergling x12  
  186  11:51  Drone x4  
  186  11:52  Drone x10  
  195  11:54  Zerg Melee Weapons Level 3  
  195  11:55  Zerg Ground Armor Level 3  
  195  12:01  Adrenal Glands  
  191  12:06  Ultralisk Cavern  
  191  12:07  Baneling x8  
  190  12:12  Overseer  
  190  12:13  Overseer  
  190  12:14  Zergling x2  
  190  12:15  Zergling x12  
  177  12:44  Zergling x30  
  177  12:48  Overseer  
  177  12:49  Spore Crawler  
  191  12:54  Chitinous Plating  
  191  13:06  Baneling x10  
  191  13:07  Zergling x18  
  191  13:12  Spore Crawler  
  199  13:13  Spine Crawler  
  199  13:19  Zergling x4  
  199  13:26  Zergling x18  
  180  13:37  Mutalisk x12  
  180  13:39  Zergling x2  
  180  13:40  Zergling x8  
  180  13:41  Hatchery  
  197  13:43  Zergling x6  
  197  13:44  Zergling x2  
  197  13:47  Baneling x7  
  193  13:49  Ultralisk  
  193  13:52  Baneling x17  
  200  13:55  Zergling x2  
  200  13:58  Baneling x5  
  200  14:06  Baneling x6  
  198  14:13  Anabolic Synthesis  
  198  14:15  Zergling x16  
  197  14:19  Hatchery  
  165  14:31  Drone x5  
  165  14:32  Drone x3  
  165  14:34  Ultralisk x2  
  165  14:35  Zergling x6  
  185  14:43  Baneling x17  
  185  14:46  Overlord x2  
  185  14:49  Baneling  
  185  14:50  Baneling x5  
  185  14:56  Zergling x16  
  185  14:59  Overlord  
  188  15:13  Zergling x24  
  200  15:19  Baneling x3  
  200  15:20  Overseer, Baneling x3  
  199  15:21  Overseer  
  199  15:23  Drone  
  200  15:29  Baneling x6  
  192  15:38  Zergling x24  
  192  15:42  Baneling x7  
  180  15:50  Zergling x22  
  181  15:57  Drone x3  
  181  15:58  Drone  
  181  16:00  Zergling x6  
  179  16:09  Zergling x18  
  184  16:14  Ultralisk  
  184  16:15  Drone x3  
  178  16:20  Zergling x8  
  178  16:23  Drone x3  
  179  16:31  Baneling x2  
  177  16:36  Baneling x12  
  170  16:46  Zergling x2  
  170  16:47  Zergling x22  
  178  16:52  Zerg Flyer Weapons Level 3  
  178  16:53  Drone x3  
  183  17:00  Ultralisk  
  182  17:15  Baneling  
  180  17:16  Baneling  
  180  17:17  Baneling x8  
  174  17:25  Zergling x2  
  174  17:26  Zergling x32  
  174  17:29  Zergling x2  
  173  17:30  Zergling x12  
  162  17:38  Ultralisk  
  162  17:43  Zergling x14  
  170  17:50  Zergling x16  
  171  17:57  Overseer x2  
  163  18:00  Baneling x12  
  163  18:03  Zergling x16  
  171  18:10  Zergling x14  
  171  18:11  Overseer  
  178  18:13  Baneling x4  
  156  18:24  Zergling x18  
  154  18:31  Ultralisk x2  
  154  18:33  Baneling x11  
  159  18:34  Zergling x2  
  160  18:43  Baneling x7  
  160  18:45  Ultralisk  
  160  18:47  Baneling x6  
  160  18:57  Zergling x2  
  160  18:58  Zergling x20  
  166  19:05  Zergling x12  
  166  19:06  Zergling x2  
  166  19:07  Overseer  
  144  19:14  Zergling x20  
  145  19:19  Zergling x10  
  140  19:25  Zergling x14  
  147  19:34  Baneling x9  
  142  19:39  Zergling x16  
  142  19:45  Zergling x12  
  122  20:07  Ultralisk x2  
  132  20:14  Zergling x18  
  132  20:18  Overseer  
  141  20:23  Ultralisk x2  
  141  20:24  Overlord  
  141  20:27  Overlord  
  145  20:29  Baneling x3  
  145  20:32  Overseer  
  145  20:41  Hatchery  
  144  20:47  Ultralisk  
  150  20:50  Spore Crawler  
  150  20:53  Zergling x2  
  150  20:54  Zergling x12  
  147  21:00  Zergling x2  
  147  21:01  Zergling x12  
  154  21:07  Overseer  
  144  21:13  Ultralisk  
  144  21:14  Zergling x12  
  156  21:19  Zergling x8  
  160  21:27  Zergling x14  
  161  21:40  Zergling x18  
  161  21:42  Overlord  
  161  21:44  Overseer  
  161  21:52  Zergling x14  
  161  21:53  Baneling  
  160  21:54  Baneling  
  141  22:03  Baneling x2  
  141  22:06  Zergling x10  
  144  22:09  Extractor  
  131  22:25  Zergling x2  
  131  22:26  Zergling x8  
  131  22:30  Zergling x14  
  131  22:36  Zergling x8  
  138  22:45  Zergling x10  
  139  23:01  Baneling  
  139  23:02  Baneling x3  
  135  23:07  Zergling x10, Extractor  
  139  23:13  Zergling x14  
  139  23:17  Baneling  
  146  23:25  Zergling x10  
  133  23:50  Zergling x16  
  136  24:11  Hatchery, Baneling x8  
  136  24:15  Overlord x2  
  135  24:18  Extractor  
  135  24:19  Extractor  
  135  24:24  Baneling x3  
  133  24:33  Overseer  
  131  24:45  Zergling x26  
  113  25:04  Baneling x11  
  113  25:07  Zergling x12  
  109  25:11  Baneling x3  
  112  25:18  Zergling x8  
  112  25:20  Baneling  
  112  25:21  Baneling  
  116  25:24  Baneling x3  
  116  25:29  Zergling x4  
  116  25:47  Zergling x26  
  115  25:56  Zergling x12  
  109  26:01  Baneling x2  
  109  26:02  Baneling x4  
  109  26:06  Zergling x6  
  107  26:13  Zergling x10  
  108  26:22  Zergling x12  
  97  26:35  Zergling x14  
  102  26:43  Zergling x8  
  102  26:44  Zergling x4  
  98  26:50  Overseer x2  
  98  26:52  Baneling x7  
  96  27:03  Extractor  
  81  27:14  Baneling x18  
  75  27:18  Infestor  
  75  27:21  Infestor  
  75  27:25  Drone x3  
  76  27:40  Zergling x12  
  82  27:45  Zergling x4, Overlord  
  82  27:51  Overlord  
Show
View Real Time Build Order
Export as new Build Order

LiquidClem Terran - Winner!

Build Orders: Reaper Expand, Hellion Banshee 

Get SALT Encoding   

  12  0:00  SCV  
  13  0:13  SCV  
  14  0:17  Supply Depot  
  14  0:25  SCV  
  15  0:38  SCV  
  15  0:39  Barracks  
  16  0:43  Refinery  
  16  0:50  SCV  
  17  1:03  SCV  
  18  1:15  SCV  
  19  1:26  Reaper  
  19  1:27  Orbital Command  
  20  1:39  Command Center  
  20  1:47  Supply Depot  
  20  1:53  SCV  
  21  1:58  Marine  
  22  2:05  SCV  
  23  2:11  Factory  
  23  2:15  Refinery  
  23  2:17  SCV  
  23  2:20  Barracks Reactor  
  24  2:29  SCV  
  25  2:41  SCV  
  26  2:51  Orbital Command  
  26  2:56  Starport  
  26  2:58  SCV  
  27  3:02  Hellion x2  
  32  3:07  Barracks Tech Lab  
  32  3:10  SCV  
  32  3:18  SCV  
  33  3:20  Supply Depot  
  33  3:22  SCV  
  33  3:24  Hellion x2  
  38  3:30  SCV  
  39  3:34  SCV  
  39  3:39  Barracks Tech Lab  
  39  3:40  Cloaking Field, Banshee  
  43  3:42  SCV  
  43  3:48  Hellion  
  46  3:49  Hellion  
  46  3:50  SCV  
  49  3:57  SCV, Supply Depot  
  49  4:02  SCV, Stimpack  
  51  4:09  SCV  
  52  4:20  Command Center  
  52  4:21  SCV  
  52  4:23  Banshee  
  56  4:27  SCV  
  56  4:31  Factory Reactor  
  57  4:33  SCV  
  57  4:36  Barracks  
  57  4:37  Barracks  
  58  4:41  Marine  
  58  4:42  SCV, Supply Depot  
  60  4:48  SCV  
  61  4:55  Engineering Bay  
  61  4:56  SCV  
  61  4:57  Engineering Bay  
  62  5:02  Refinery x2  
  62  5:04  SCV, Marine  
  64  5:08  Supply Depot  
  64  5:09  SCV  
  65  5:14  Starport Reactor  
  65  5:16  SCV  
  66  5:21  SCV, Marine  
  66  5:26  Marine x2  
  70  5:29  SCV, Supply Depot, Siege Tank  
  70  5:31  SCV  
  73  5:36  SCV, Marine  
  73  5:40  Marine  
  73  5:42  SCV  
  72  5:46  Marine x2  
  72  5:50  SCV  
  72  5:51  Marine  
  72  5:52  Medivac x2  
  72  5:55  Terran Infantry Weapons Level 1  
  72  5:56  SCV, Marine  
  79  5:58  Marine  
  79  6:04  Combat Shield, Marine x2  
  78  6:08  Marine  
  78  6:09  Terran Infantry Armor Level 1  
  78  6:10  SCV x2, Barracks  
  83  6:11  Barracks  
  83  6:16  Orbital Command  
  83  6:17  Marine  
  84  6:19  Marine  
  84  6:25  Marine x2  
  87  6:27  SCV, Supply Depot  
  87  6:28  SCV  
  89  6:33  Marine  
  89  6:35  Marine, Siege Tank  
  94  6:41  SCV  
  94  6:42  SCV x2  
  94  6:44  Armory  
  94  6:46  Marine  
  98  6:48  Marine  
  98  6:51  Supply Depot  
  98  6:53  SCV  
  100  6:54  SCV  
  100  6:59  Marine  
  100  7:00  SCV, Marine  
  100  7:01  Barracks Reactor x2, Marine  
  98  7:04  Marine  
  98  7:05  SCV  
  98  7:06  Marine  
  102  7:08  SCV, Factory  
  102  7:10  Refinery  
  102  7:12  SCV  
  104  7:16  Widow Mine  
  104  7:17  SCV, Marine x2  
  104  7:20  SCV  
  110  7:23  Medivac x2  
  110  7:24  Supply Depot, Marine x2  
  110  7:27  SCV  
  117  7:32  Drilling Claws  
  117  7:39  Refinery  
  117  7:46  SCV x2, Supply Depot, Marine x6  
  125  7:53  Supply Depot, Factory Reactor  
  125  7:56  Supply Depot, Command Center  
  125  7:57  Terran Infantry Weapons Level 2  
  125  7:58  Marine x2  
  125  7:59  Marine  
  125  8:03  Missile Turret, Marine  
  114  8:08  Missile Turret  
  114  8:09  Missile Turret, Marine x2  
  114  8:10  Marine  
  114  8:12  Widow Mine  
  117  8:15  Terran Infantry Armor Level 2  
  117  8:19  Supply Depot, Marine  
  117  8:20  Marine  
  117  8:22  Marine  
  117  8:23  Marine  
  121  8:27  Terran Vehicle And Ship Armor Level 1, Marine x4  
  121  8:32  Widow Mine x2  
  127  8:36  Thor  
  127  8:39  Supply Depot  
  127  8:40  Marine  
  134  8:44  Marine x4  
  134  8:45  Marine  
  134  8:46  Marine x3  
  134  8:48  Medivac  
  144  8:50  Medivac  
  146  8:56  Widow Mine x2  
  146  8:58  Marine  
  146  9:00  Supply Depot  
  146  9:02  Marine x3  
  154  9:05  Marine x3  
  154  9:12  SCV  
  154  9:13  SCV  
  156  9:17  Marine x2  
  156  9:18  Medivac  
  156  9:20  Medivac  
  156  9:21  Marine x3, Barracks  
  156  9:22  Barracks  
  156  9:23  Widow Mine, Barracks  
  167  9:25  Missile Turret  
  167  9:27  Missile Turret  
  167  9:31  Marine x3  
  167  9:33  Thor  
  167  9:36  SCV, Supply Depot  
  177  9:43  Planetary Fortress  
  175  9:46  Widow Mine  
  175  9:48  Marine  
  175  9:51  SCV  
  153  9:53  SCV  
  153  9:56  Marine x2  
  153  9:58  Missile Turret, Marine  
  153  9:59  Missile Turret  
  157  10:03  Marine x2  
  157  10:04  Marine  
  157  10:05  SCV  
  157  10:06  SCV  
  160  10:08  Medivac  
  160  10:09  SCV  
  160  10:12  Marine  
  160  10:13  Marine  
  163  10:17  SCV, Widow Mine x3  
  163  10:18  Medivac  
  170  10:21  Marine x2  
  170  10:22  Barracks Tech Lab  
  170  10:23  Barracks Tech Lab  
  170  10:24  SCV, Marine  
  170  10:26  Terran Vehicle And Ship Armor Level 2  
  174  10:30  Supply Depot  
  174  10:36  SCV x2  
  174  10:38  Command Center, Marine  
  174  10:43  SCV, Marauder  
  174  10:44  Marine x2  
  174  10:49  Widow Mine  
  175  10:53  Marauder, Marine x2, Widow Mine  
  175  10:54  SCV, Marine x2  
  183  10:59  Widow Mine  
  183  11:00  SCV, Supply Depot  
  186  11:04  Supply Depot, Terran Infantry Weapons Level 3, Terran Infantry Armor Level 3  
  186  11:05  Marine  
  186  11:10  Widow Mine  
  189  11:13  Barracks Tech Lab  
  189  11:14  Widow Mine  
  191  11:20  SCV x2  
  191  11:21  Refinery x2  
  193  11:26  SCV x2, Widow Mine  
  193  11:29  Missile Turret  
  193  11:32  SCV x2, Missile Turret, Marauder, Widow Mine, Marine  
  194  11:38  SCV  
  175  11:40  Marauder  
  175  11:41  Widow Mine  
  175  11:46  Marauder  
  162  11:47  Marine, Widow Mine  
  162  11:48  SCV  
  162  11:53  SCV x3  
  168  11:56  Marine, Widow Mine  
  168  12:01  SCV, Marauder, Marine  
  165  12:05  SCV, Marine x3  
  165  12:08  Marauder, Marine  
  173  12:11  Widow Mine, Marine  
  173  12:15  SCV, Widow Mine  
  179  12:16  Marauder  
  179  12:17  Marine x2  
  183  12:23  SCV, Widow Mine  
  183  12:26  Planetary Fortress, Marine  
  185  12:31  SCV  
  185  12:37  Widow Mine  
  182  12:38  Marauder, Marine x2  
  182  12:39  Marine x3  
  182  12:44  SCV, Missile Turret x2, Widow Mine  
  192  12:45  Widow Mine  
  192  12:46  Missile Turret  
  194  12:58  SCV, Widow Mine  
  197  12:59  Command Center, Sensor Tower  
  197  13:01  Marine  
  197  13:02  Marauder  
  197  13:05  Widow Mine  
  194  13:10  Missile Turret  
  194  13:15  Medivac  
  196  13:20  Starport  
  196  13:22  Starport  
  196  13:25  Marauder x2, Marine, Widow Mine  
  195  13:29  Marauder  
  195  13:38  Missile Turret x2  
  195  13:39  Missile Turret  
  182  13:43  Widow Mine  
  182  13:44  Marauder  
  182  13:46  Marine x2  
  182  13:47  Marauder  
  188  13:49  SCV  
  188  13:52  Medivac, Command Center  
  188  13:54  Widow Mine x2  
  195  14:02  Medivac  
  195  14:04  Starport Reactor  
  195  14:06  Starport Reactor  
  196  14:11  Widow Mine  
  196  14:13  Marine x2  
  196  14:14  Thor  
  196  14:15  Widow Mine  
  193  14:18  Marine  
  193  14:19  Marine x4  
  193  14:20  Marine x2  
  160  14:24  Marine  
  160  14:25  Marauder  
  160  14:28  Marine  
  160  14:30  Marine x2  
  138  14:33  Widow Mine  
  138  14:36  Marine, Widow Mine  
  139  14:38  Marauder  
  139  14:39  Liberator x2  
  139  14:42  Marauder  
  149  14:46  Marauder x2  
  149  14:48  Neosteel Armor  
  149  14:51  Planetary Fortress  
  153  14:52  Marine x2  
  153  14:56  Widow Mine  
  153  14:57  Marine x4, Thor  
  167  15:00  Marauder  
  167  15:04  Marauder  
  167  15:07  Marauder  
  167  15:08  Missile Turret  
  167  15:10  Medivac  
  167  15:12  Missile Turret, Marine x2  
  167  15:13  Marauder, Marine x2  
  174  15:16  Orbital Command  
  176  15:21  Marauder  
  176  15:24  Widow Mine x2  
  176  15:25  Marauder  
  182  15:32  Marine  
  182  15:33  Marauder, Marine x3  
  182  15:34  Medivac  
  165  15:38  Marauder, Marine x2  
  165  15:41  Widow Mine  
  173  15:43  Marauder  
  173  15:47  Marauder  
  173  15:49  SCV x2  
  162  15:50  Marine x3  
  162  15:51  SCV  
  162  15:52  SCV  
  162  15:53  Widow Mine  
  162  15:54  Marauder  
  165  15:58  SCV x2  
  165  15:59  SCV, Marauder  
  165  16:01  SCV  
  165  16:02  SCV  
  170  16:04  Marauder  
  170  16:06  Marine x3, Widow Mine  
  170  16:07  Marine x2  
  170  16:08  SCV, Marauder  
  170  16:11  SCV, Widow Mine  
  180  16:12  Marine x3  
  180  16:14  Widow Mine  
  180  16:15  SCV, Marauder  
  174  16:19  SCV x2  
  174  16:20  Marauder  
  174  16:24  Marine x4  
  174  16:25  Marauder, Marine  
  172  16:27  Medivac  
  172  16:28  Widow Mine  
  172  16:29  Marine x2  
  172  16:31  Marine  
  172  16:32  Widow Mine  
  181  16:34  SCV  
  181  16:36  Orbital Command  
  181  16:37  Concussive Shells, Marauder  
  181  16:39  Widow Mine  
  184  16:41  Marine x2  
  184  16:42  Marine  
  184  16:45  Marine x2  
  184  16:46  Marine  
  187  16:47  Marine  
  187  16:49  Widow Mine  
  190  16:55  Missile Turret  
  190  16:56  SCV x2  
  190  16:58  Widow Mine  
  190  17:01  Widow Mine  
  196  17:04  Marauder, Marine x2  
  196  17:05  Marine  
  197  17:09  Marine x2  
  198  17:18  Widow Mine  
  197  17:23  Marauder  
  197  17:24  Marauder x2, Marine  
  197  17:27  Medivac  
  197  17:28  Marine x2, Widow Mine  
  187  17:31  Marauder, Marine x2  
  187  17:33  Widow Mine  
  182  17:39  Widow Mine  
  182  17:41  Marine x3  
  179  17:45  Marauder x2  
  179  17:50  Widow Mine  
  167  17:51  Marine x2  
  167  17:52  Marauder x2  
  167  17:55  Widow Mine  
  167  17:56  Marine x2  
  168  17:59  Missile Turret  
  168  18:02  SCV  
  169  18:07  Command Center  
  169  18:10  Command Center, Refinery  
  169  18:12  Medivac  
  171  18:14  Widow Mine  
  171  18:19  Marauder x2  
  169  18:25  Marauder  
  154  18:29  Marauder  
  154  18:32  SCV, Marine x3  
  154  18:33  Refinery  
  152  18:34  SCV  
  152  18:35  Refinery, Marine x5  
  152  18:38  Widow Mine  
  152  18:40  Medivac  
  152  18:41  Marauder x2  
  166  18:43  SCV, Widow Mine  
  166  18:46  Marine  
  166  18:47  SCV  
  172  18:48  SCV  
  172  18:49  Widow Mine  
  172  18:50  Marine x4  
  172  18:52  Marine  
  172  18:53  Marine x3  
  174  19:01  Widow Mine  
  167  19:05  Widow Mine  
  167  19:06  Medivac, Marauder, Marine  
  167  19:08  Marine x3  
  167  19:09  Command Center, Marauder  
  155  19:11  Medivac, Marine  
  155  19:13  Widow Mine  
  155  19:16  Marauder  
  151  19:17  Marine  
  151  19:18  SCV  
  151  19:22  Widow Mine, Marine  
  151  19:23  Marauder  
  158  19:26  Widow Mine  
  158  19:28  Medivac  
  158  19:29  Marine x2  
  154  19:35  Widow Mine  
  156  19:39  Marauder  
  156  19:40  Marauder, Marine x4  
  163  19:45  SCV x2  
  163  19:46  Orbital Command  
  163  19:50  Marauder  
  158  19:55  Widow Mine  
  158  19:57  Marauder  
  148  20:02  Orbital Command x2, Widow Mine  
  148  20:04  Marauder  
  148  20:06  Marine x2  
  136  20:07  Widow Mine  
  136  20:09  Marine x2  
  128  20:16  Widow Mine  
  127  20:21  Marine x2  
  127  20:22  SCV  
  127  20:23  SCV  
  127  20:27  SCV  
  124  20:29  Marine x3  
  124  20:30  Marine x3  
  130  20:36  Marauder, Marine x3  
  130  20:37  SCV  
  130  20:39  Marine x2  
  130  20:42  Orbital Command  
  138  20:46  Widow Mine  
  138  20:47  Marine  
  138  20:48  Marine x3  
  144  20:54  Marauder x2  
  144  20:56  Widow Mine  
  140  20:57  Marine  
  140  20:58  Marauder, Marine  
  140  20:59  SCV, Marine x2  
  140  21:00  SCV  
  148  21:10  Medivac, Widow Mine  
  149  21:11  Marauder  
  149  21:14  Marine x2  
  149  21:15  SCV, Marauder  
  149  21:16  Marauder  
  149  21:17  Medivac  
  158  21:19  Widow Mine x2, Marine x2  
  158  21:20  Marauder  
  158  21:21  Marine  
  158  21:23  Marine  
  158  21:24  Marine  
  168  21:32  Widow Mine  
  170  21:33  Marauder  
  170  21:37  Marauder  
  170  21:38  Orbital Command  
  166  21:41  Widow Mine  
  166  21:43  Medivac, Marauder  
  166  21:44  Marine x2, Widow Mine  
  166  21:45  Marauder, Marine  
  168  21:48  Marine  
  168  21:49  Orbital Command  
  168  21:50  Orbital Command  
  168  21:53  Medivac  
  165  21:56  Widow Mine  
  165  21:58  Marauder  
  167  22:02  SCV x2  
  167  22:05  Marine  
  167  22:06  SCV  
  170  22:13  Orbital Command  
  166  22:23  Marauder  
  166  22:26  Marauder  
  166  22:28  Orbital Command  
  159  22:31  Medivac x2, Widow Mine  
  152  22:37  Marine x2  
  152  22:39  Marine x2  
  152  22:42  Medivac  
  150  22:47  Marauder  
  142  22:52  Marine x2, Widow Mine  
  142  22:55  Marauder, Marine x3  
  149  22:59  Marine  
  149  23:00  Marine  
  149  23:02  Widow Mine  
  153  23:05  SCV x2  
  153  23:07  SCV  
  153  23:09  Refinery x2  
  153  23:11  Widow Mine  
  154  23:13  Refinery  
  154  23:15  Marauder x2, Marine  
  154  23:18  Widow Mine  
  154  23:19  Marine  
  162  23:25  SCV, Marine x2  
  162  23:26  Marauder  
  167  23:32  Marauder  
  167  23:33  Widow Mine  
  170  23:35  SCV  
  170  23:36  Marauder  
  170  23:37  SCV x2, Orbital Command  
  170  23:40  SCV  
  168  23:45  Orbital Command  
  167  23:50  Refinery  
  165  24:03  Medivac  
  167  24:12  Marine  
  167  24:13  Marauder, Marine  
  171  24:17  Widow Mine  
  171  24:18  Marauder, Marine  
  171  24:23  Widow Mine x2  
  180  24:27  Marauder x2  
  184  24:33  Marine  
  184  24:34  Marauder  
  185  24:41  Widow Mine  
  185  24:44  Widow Mine  
  163  24:46  Widow Mine  
  163  24:48  Marauder  
  153  24:54  Marauder x2, Marine  
  153  24:56  Marauder  
  160  25:02  Orbital Command  
  160  25:03  Widow Mine  
  160  25:04  SCV x2  
  160  25:05  SCV  
  160  25:06  Widow Mine  
  165  25:07  Widow Mine  
  165  25:09  SCV  
  167  25:24  Marauder, Widow Mine  
  167  25:27  Widow Mine  
  173  25:29  Marine x3  
  173  25:33  Marine  
  177  25:39  Widow Mine  
  177  25:41  Marauder x2  
  177  25:42  SCV  
  184  25:46  Widow Mine  
  166  25:52  Marauder x2  
  145  25:57  SCV  
  145  25:59  Widow Mine  
  145  26:01  Widow Mine  
  145  26:03  Marauder  
  151  26:05  Marine x2  
  151  26:06  Marauder, Marine x3  
  151  26:10  Medivac  
  160  26:13  Marauder  
  160  26:14  Marauder  
  160  26:15  Marine  
  165  26:25  Marauder  
  161  26:28  Marauder, Marine  
  161  26:31  Marine x2  
  165  26:35  Marauder x2  
  165  26:37  Orbital Command, Marine x2  
  165  26:46  SCV x2, Marauder  
  151  26:49  SCV  
  151  26:50  SCV x2  
  154  26:55  Widow Mine  
  156  27:01  Orbital Command  
  156  27:04  Widow Mine  
  158  27:10  Marauder  
  156  27:17  SCV  
  158  27:22  SCV  
  158  27:28  SCV  
  158  27:38  Widow Mine  
  158  27:39  Marauder x2, Widow Mine, Marine x2  
  158  27:42  Marine  
  158  27:43  Marine  
  170  27:46  Marine  
Tags
 
Add a new tag
Caveats
  • Supply blocks, unpowered buildings, or Contaminate may cause inaccurate times.
  • Supply counts are checked every 10 seconds.